[Event "Qatar Masters 2024"]
[Site "Doha"]
[Date "2024.12.03"]
[Round "1.18"]
[White "Salem, A.R. Saleh"]
[Black "Aradhya, Garg"]
[Result "1/2-1/2"]
[Annotator "TA"]
[ECO "D17"]
[WhiteElo "2622"]
[BlackElo "2365"]
[PlyCount "278"]
[EventDate "2024.11.24"]
[EventType "swiss"]
[EventCountry "QAT"]
[SourceTitle "playchess.com"]
[Source "ChessBase"]
[SourceQuality "1"]
[TimeControl "40/5400+30:1800+30"]

1. d4 d5 2. c4 c6 3. Nf3 Nf6 4. Nc3 dxc4 5. a4 Bf5 6. Ne5 e6 7. f3 Bb4 8. Nxc4 O-O 9. Kf2 h6 10. e4 Bh7 11. Be3 {[%emt 0:00:50] White is slightly better.} Nfd7 12. Qb3 a5 13. Be2 Na6 14. Rhd1 f5 15. Kg1 fxe4 16. fxe4 Kh8 17. e5 Nc7 18. Nd6 Nd5 19. Nxd5 (19. Nxb7 $2 Qb8 20. Nxd5 cxd5 (20... exd5 21. e6 $15) 21. Nxa5 Bxa5 $19 (21... Rxa5 22. Rf1 $17)) 19... exd5 20. Rf1 (20. Nxb7 Qe7 (20... Qb8 $2 21. e6 $19) 21. Bd3 Bg8 $17 (21... Nxe5 22. dxe5 Bg8 23. Nxa5 $15)) 20... Qe7 {[%emt 0:18:18] Prevents Nf7+.} 21. Bg4 (21. Nxb7 $2 Rfb8 22. Rac1 Qe6 $19 (22... Rxb7 23. Rxc6 Bg8 24. Qc2 $17)) 21... Nb6 22. Nf5 Qe8 {[%emt 0:02:20] [#]} (22... Qc7 $11) 23. Rf2 {[%emt 0:09:14] White is more active.} (23. Nxh6 $1 $16 {Rxf8+ is the strong threat.} gxh6 24. Bxh6) 23... Qg6 (23... Nc4 $11) 24. Bh3 $14 Nc4 25. Raf1 Nxe3 $1 26. Qxe3 Rae8 27. Rf3 Qh5 28. Nd6 Rxf3 (28... Bxd6 29. exd6 Rxf3 (29... Rxe3 $2 30. Rxf8+ Bg8 31. d7 $18) 30. Qxf3 Qxf3 31. Rxf3 $16) 29. Qxf3 Qxf3 30. Rxf3 Rb8 31. Nf7+ Kg8 32. Be6 Be4 33. Ng5+ (33. Nxh6+ Kh7 34. Nf7 Bxf3 35. Ng5+ Kg6 36. Nxf3 Re8 $17) 33... Kh8 34. Nxe4 dxe4 $16 {[%emt 0:00:04][%mdl 4096] Endgame. KRB-KRB} 35. Rf7 Bd2 (35... Rd8 $16 {was worth a try.}) 36. Kf2 $18 Bc1 37. b3 Rd8 (37... g6 {was called for.} 38. g3 h5) 38. Rd7 $2 (38. Rxb7 $18 {Strongly threatening Bf7.} Rxd4 39. Bf5) 38... Rxd7 $16 39. Bxd7 {[%emt 0:00:02] KB-KB} Kg8 40. Bc8 b6 41. Bf5 e3+ (41... c5 $1 $14) 42. Ke2 Kf8 43. Bd7 Bb2 $1 44. Kxe3 (44. Bxc6 Bxd4 45. g3 Bxe5 $17) 44... c5 45. dxc5 bxc5 46. Ke4 Ke7 47. Bf5 Bc3 48. Kd5 Bb4 49. g4 Bc3 50. h3 (50. Kxc5 $6 Bxe5 51. Be4 Bd6+ 52. Kb5 Bb4 $11) 50... Bb2 51. h4 (51. Kxc5 Bxe5 52. h4 Bc3 $11) 51... Bc3 52. h5 (52. Kxc5 $6 Bxe5 53. h5 Bd6+ 54. Kd5 Bb4 $11) 52... Bb2 53. Bd3 (53. Kxc5 $6 Bxe5 54. Be4 Bc3 $11) 53... Bc3 54. Bf1 (54. Kxc5 Bxe5 55. b4 Bd6+ 56. Kd5 Bxb4 $11) 54... Bb2 55. Be2 (55. Kxc5 $6 Bxe5 56. Bg2 Bc3 $11) 55... Bc3 56. Bd1 (56. Kxc5 Bxe5 57. Kc4 Bd6 $11) 56... Bb2 57. Bc2 (57. Kxc5 Bxe5 58. Kc4 Bd6 $11) 57... Bc3 58. Bd3 (58. Kxc5 $6 Bxe5 59. Kc4 Bd6 $11) 58... Bb2 59. Ba6 (59. Kxc5 Bxe5 60. Kc4 Bd6 $11) 59... Bc3 60. Bb5 (60. Kxc5 $6 Bxe5 61. Kc4 Bd6 $11) 60... Bb2 61. Bc4 (61. Kxc5 $6 Bxe5 62. Kc4 Bd6 $11) 61... Bc3 62. Be2 (62. Kxc5 $6 Bxe5 63. Be2 Bc3 $11) 62... Bb2 63. Bf1 (63. Kxc5 Bxe5 64. Kc4 Bd6 $11) 63... Bc3 64. Bc4 (64. Kxc5 Bxe5 65. Kc4 Bd6 $11) 64... Bb2 65. e6 ({Don't play} 65. Kxc5 $6 Bxe5 66. Be2 Bc3 $11) 65... Ba3 66. Ke5 Bb2+ 67. Kd5 Ba3 68. Kc6 Bb4 69. Kc7 Bc3 70. Kb6 Kd6 71. Kb5 Bb4 {[%emt 0:00:11] [#]} 72. Bd5 $1 Bc3 {[%emt 0:00:13] [#]} (72... Kxd5 $2 {is the wrong capture.} 73. e7 $18) 73. Kb6 $1 Bb4 (73... Be1 74. Bc4) 74. Kb7 Bc3 (74... Kxd5 $2 {perishes.} 75. e7 $18) 75. Bc4 Bb4 76. Kc8 Ke7 77. Bd5 Bc3 78. Kc7 Bb4 79. Kc6 Ba3 80. Bc4 Bb4 81. Kd5 Ba3 82. Ke5 Bb2+ $1 83. Kf5 Bc3 84. g5 hxg5 85. Kxg5 Bb2 86. Kf5 Bc3 87. Ke4 Kd6 88. Kd3 (88. Bd5 $14) 88... Bf6 $11 89. Ke4 (89. Ke2 $11 {was preferrable.}) 89... Bc3 $14 90. Ke3 Bf6 91. Kf4 $1 Bc3 92. Kf5 (92. Kg4 $14) 92... Bb2 ({Better is} 92... Ke7 $11) 93. Be2 Bc3 94. Bf3 Bb2 95. Bg4 Bc3 96. Kg6 {[%emt 0:00:08] Threatening mate with Kf7.} Ke7 97. Kg5 Bd2+ 98. Kf5 Bc3 99. Ke4 Kd6 100. Kd3 Bb4 101. Kc4 Be1 102. Kb5 Bd2 103. Kb6 Be1 104. Bf5 Bd2 105. Kb7 Bb4 106. Kc8 {[%emt 0:00:05] aiming for Kd8.} Ke7 107. Kc7 Bc3 108. Kc6 Bb4 109. Bg4 Ba3 110. Bh3 (110. Kb5 $5 Bb4 $8 111. Kc6 $11) 110... Bb4 111. Kd5 Ba3 112. Bf1 Bb4 113. Bc4 Ba3 $1 114. Ke5 Bb2+ 115. Kf5 Bc3 116. Ke4 Kd6 117. Kf4 Bb2 118. Kg5 Bc3 119. Kg6 {[%emt 0:00:02] Kf7 would kill now.} Ke7 120. Bd5 Bd4 (120... Be5 $1 $11 {should be considered.}) 121. Kf5 ({White should try} 121. h6 $14 gxh6 122. Kxh6) 121... Bc3 $11 122. Bc6 Bd4 123. Bd7 Bc3 (123... Be3 $1 $11) 124. Ke4 (124. Kg6 $1 $14) 124... Kd6 125. Bc8 Bb4 126. Kd3 Ba3 127. Kc3 Bb4+ 128. Kc4 Be1 129. Kb5 Bc3 130. Kb6 Be1 131. Bd7 Bc3 132. Kb7 Be1 133. Kc8 {[%emt 0:00:08] Threatens to win with Kd8.} Bh4 134. Kb8 Bg3 135. Kb7 Bf2 136. Ka6 Be1 137. Kb5 Bd2 138. Bc8 Be1 139. Kc4 Bb4 {[%emt 0:00:22] Weighted Error Value: White=0.12 (very precise) /Black=0.13 (very precise) .  Missed win:     	White=1     	---        Mistake:       	White=6     	Black=8      Inaccurate:     	White=7     	Black=6      OK:         	White=49    	Black=54     Best:        	White=2     	Black=13     Strong:       	White=1     	Black=4} 1/2-1/2

[Event "Qatar Masters 2024"]
[Site "Doha"]
[Date "2024.12.03"]
[Round "1.19"]
[White "Balajayeva, Khanim"]
[Black "Pranav Vijay"]
[Result "1/2-1/2"]
[Annotator "TA"]
[ECO "C60"]
[WhiteElo "2362"]
[BlackElo "2252"]
[PlyCount "94"]
[EventDate "2024.11.24"]
[EventType "swiss"]
[EventCountry "QAT"]
[SourceTitle "playchess.com"]
[Source "ChessBase"]
[SourceQuality "1"]
[TimeControl "40/5400+30:1800+30"]

1. e4 e5 2. Nf3 Nc6 3. Bb5 Nge7 4. Nc3 Ng6 5. h4 Nd4 6. h5 Nf4 7. Nxd4 exd4 8. Qf3 Bd6 9. Ne2 Nxe2 10. Bxe2 h6 11. a3 c6 12. d3 Be5 13. Bd2 a5 14. g3 Qb6 15. Rb1 d6 16. O-O Be6 17. c4 a4 18. Qg2 Bf6 19. Rfc1 g5 (19... O-O $11) 20. hxg6 $14 fxg6 21. f4 O-O-O (21... h5 $11 {remains equal.}) 22. Bd1 g5 23. f5 (23. Bxa4 gxf4 24. Bxf4 Qa7 $11) 23... Bf7 24. Bxa4 h5 25. b4 Qa7 26. Bd1 Be5 27. Be1 (27. Bxg5 $6 Rdg8 28. Qd2 Bxg3 $16) (27. a4 $18 {is more deadly.}) 27... g4 (27... h4 $16) 28. c5 (28. a4 $18) 28... d5 $16 29. b5 Qxa3 $2 (29... dxe4 $16 30. bxc6 (30. dxe4 d3 $14) (30. Qxe4 Rde8 $17) 30... bxc6) 30. bxc6 $18 bxc6 31. Qe2 Qa7 32. Rb6 dxe4 33. Rxc6+ Bc7 34. dxe4 d3 35. Qd2 $2 (35. Qb2 $18) 35... Qb7 $2 (35... Rhe8 $14) 36. Rf6 $18 Rh7 37. c6 Qa6 38. Rb1 Bc4 39. Bf2 Be5 $2 (39... h4) 40. Rh6 $2 (40. Qb4 $18) 40... Rxh6 $11 41. Qxh6 Qa2 $1 42. Rc1 (42. Rb7 $5 Qa1 $8 43. c7 (43. Qd2 Bc3 $11) 43... Qxd1+ (43... Bxc7 $2 44. Qc6 $18) 44. Kh2 Bxg3+ (44... Bxc7 45. Qc6 $18) 45. Bxg3 Qe2+ 46. Kg1 Qd1+ 47. Kh2 $11) 42... h4 $2 (42... d2 $11 43. Rc2 Qb1 44. Rxd2 Rxd2 45. Qxd2 Qd3) 43. Qh7 $2 (43. gxh4 $2 g3 $19) ({Inferior is} 43. Bxg4 hxg3 44. Be3 Rg8 $11) (43. Qxh4 {[%cal Oh4e7] Threatening mate with Qe7!.} Re8 44. Bxg4 (44. Qxg4 Rg8 $18)) 43... Bf7 $18 44. Qxh4 (44. gxh4 $2 {too greedy.} g3 $19 (44... Rh8 $2 45. Qxh8+ Bxh8 46. Bxg4 $19)) 44... Qa3 $2 (44... d2 45. Qe7 Bc7) 45. Rb1 $18 Qa2 46. Rc1 Qa3 $1 47. Rb1 Qa2 1/2-1/2

[Event "Qatar Masters 2024"]
[Site "Doha"]
[Date "2024.12.03"]
[Round "1.20"]
[White "Paravyan, David"]
[Black "Dixit, Nikhil"]
[Result "1/2-1/2"]
[Annotator "TA"]
[ECO "B09"]
[WhiteElo "2620"]
[BlackElo "2361"]
[PlyCount "108"]
[EventDate "2024.11.24"]
[EventType "swiss"]
[EventCountry "QAT"]
[SourceTitle "playchess.com"]
[Source "ChessBase"]
[SourceQuality "1"]
[TimeControl "40/5400+30:1800+30"]

1. e4 g6 2. d4 Bg7 3. f4 c5 4. d5 d6 5. Nc3 Na6 6. Nf3 Nc7 7. Bd3 Nf6 8. O-O O-O 9. a4 Rb8 {[%emt 0:08:48] B09: Pirc Defence: Austrian Attack.} 10. Qe1 a6 11. a5 b5 12. axb6 Rxb6 13. Kh1 Re8 14. f5 $146 ({Predecessor:} 14. Nd2 e6 15. Nc4 Rb4 16. e5 Rxc4 17. Bxc4 exd5 18. Bb3 d4 19. Na4 Bf5 20. Nb6 dxe5 21. fxe5 {½-½ De Clercq,J (2050)-Kleinsorgen,H (2130) IECG CA.2004.0.00137 email}) 14... Bd7 15. fxg6 hxg6 ({Black should play} 15... fxg6 16. Qh4 Nh5) 16. e5 (16. Ng5 $16) 16... dxe5 $1 $14 (16... Nfxd5 $2 17. Nxd5 Nxd5 18. Ng5 dxe5 19. Nxf7 $18 (19. Rxa6 Rf6 $15) (19. Rxf7 Bb5 $16)) 17. Nxe5 Bb5 $1 18. Nxb5 (18. Bc4 {simplifies} Bxc4 19. Nxc4 Rb4 20. Ne5) 18... axb5 19. Nxf7 Kxf7 20. Qg3 Rh8 21. d6 (21. Qxg6+ Kg8 22. c3 c4 $15) 21... Rxd6 (21... Qxd6 $2 22. Bf4 (22. Qxg6+ Kg8 $17) 22... Qc6 (22... e5 $2 23. Bxe5 Qd5 24. Bxc7 $18) 23. Bxg6+ (23. Bxc7 Ra6 $18) 23... Kg8 24. Bxc7 $18) 22. Bxg6+ (22. Qxg6+ Kg8 23. Be3 (23. Bf4 Rd4 $17) 23... c4 $17) 22... Kg8 23. Bf4 Nh5 24. Bxh5 $1 Rxh5 25. Bxd6 Qxd6 26. Rf8+ Kh7 27. Qxd6 exd6 28. Rf7 Ne6 29. Re1 Re5 (29... Kg6 $17 30. Rd7 Re5 31. Rxe5 Bxe5) 30. Rxe5 $11 dxe5 31. Re7 Nd4 32. c3 Nc2 33. Kg1 b4 34. Kf2 c4 (34... e4 $11) 35. Rc7 (35. cxb4 $16 {Black must now prevent b5.} Nxb4 36. h4) 35... bxc3 $1 $11 36. bxc3 Na3 37. g4 e4 38. h4 Kg8 39. g5 Bxc3 40. h5 Bd4+ 41. Ke2 Nb5 (41... c3 {is interesting.} 42. h6 Nb5 43. Rd7 Bc5) 42. Rxc4 Bg7 (42... Kg7 $11 {remains equal.}) 43. Ke3 ({Of course not} 43. Rxe4 $6 Nc3+ 44. Kf3 Nxe4 45. Kxe4 Kh7 $11) 43... Nd6 44. Rc6 Be5 $1 45. Rc5 Bh2 46. Rc2 Be5 47. Ra2 Kf7 48. g6+ Ke6 49. Ra6 Bg7 50. Rc6 Ke5 51. Rc5+ Ke6 52. Rc6 Ke5 53. Rc5+ Ke6 54. Rc6 Ke5 1/2-1/2

[Event "Qatar Masters 2024"]
[Site "Doha"]
[Date "2024.12.03"]
[Round "1.21"]
[White "Zhu, Hengyi"]
[Black "Petrosyan, Manuel"]
[Result "1/2-1/2"]
[Annotator "TA"]
[ECO "B15"]
[WhiteElo "2361"]
[BlackElo "2612"]
[PlyCount "86"]
[EventDate "2024.11.24"]
[EventType "swiss"]
[EventCountry "QAT"]
[SourceTitle "playchess.com"]
[Source "ChessBase"]
[SourceQuality "1"]
[TimeControl "40/5400+30:1800+30"]

1. e4 c6 2. d4 d5 3. Nd2 dxe4 4. Nxe4 Nf6 5. Nxf6+ exf6 6. c3 Bd6 7. Bd3 O-O 8. Qc2 Re8+ 9. Ne2 h5 10. O-O h4 {[%emt 0:00:05] White is slightly better.} 11. h3 Nd7 12. Be3 Nf8 13. Rad1 Be6 14. Rfe1 Qd7 15. Bf4 Rad8 16. Bxd6 Qxd6 17. Qa4 Bd5 18. c4 Be4 19. Bxe4 ({Much weaker is} 19. Qxa7 Bxd3 20. c5 (20. Rxd3 Qb4 $17) 20... Qc7 21. Rxd3 Ra8 $17) 19... Rxe4 20. Nc3 ({Don't play} 20. Qxa7 Rde8 21. Kf1 Qe7 $19) 20... Rxe1+ 21. Rxe1 Qxd4 {[%emt 0:12:05] Hoping for ...Qc5.} 22. Rd1 {[%emt 0:00:17] The position is equal.} Qb6 23. Rxd8 Qxd8 24. Qxa7 $11 {[%emt 0:00:09][%mdl 4096] Endgame. KQN-KQN} Qd2 25. Qxb7 Qe1+ 26. Kh2 Qxf2 27. Qxc6 Qxb2 28. Nd5 Qe5+ 29. Kh1 {[%emt 0:00:33] Active counter play!} Ng6 30. c5 Kh7 31. Qd7 Kh6 32. c6 Qe1+ 33. Kh2 Ne5 34. Qf5 {[%emt 0:02:42] [#] c7 is the strong threat.} Qg3+ 35. Kh1 {[%emt 0:00:26] c7 would now be deadly.} Qe1+ 36. Kh2 {[%emt 0:00:01] Black must now prevent c7.} Qg3+ 37. Kh1 {[%emt 0:00:08] Threatens to win with c7.} Nxc6 {[%emt 0:00:40] aiming for ...Qe1+.} 38. Nxf6 {[%emt 0:01:50][%csl Gf6][%cal Rf5h5] [#]} Qe1+ 39. Kh2 Qg3+ 40. Kh1 gxf6 41. Qxf6+ Qg6 42. Qxh4+ Kg7 43. Qg4 Qxg4 {[%emt 0:00:00] Weighted Error Value: White=0.03 (flawless) /Black=0.02 (flawless) .  Inaccurate:     	White=1     	---        OK:         	White=17    	Black=18     Best:        	White=4     	---} 1/2-1/2

[Event "Qatar Masters 2024"]
[Site "Doha"]
[Date "2024.12.03"]
[Round "1.22"]
[White "Idani, Pouya"]
[Black "Omonov, Asrorjon"]
[Result "1-0"]
[Annotator "TA"]
[ECO "B12"]
[WhiteElo "2603"]
[BlackElo "2360"]
[PlyCount "141"]
[EventDate "2024.11.24"]
[EventType "swiss"]
[EventCountry "QAT"]
[SourceTitle "playchess.com"]
[Source "ChessBase"]
[SourceQuality "1"]
[TimeControl "40/5400+30:1800+30"]

1. e4 c6 2. d4 d5 3. e5 Bf5 4. Nf3 e6 5. Be2 Nd7 6. O-O a5 7. Nc3 a4 8. Bd2 a3 9. b3 Ne7 10. Na4 Bg4 11. Nh4 Bxe2 12. Qxe2 b5 13. Nc3 b4 14. Na4 Nc8 15. Qg4 Ncb6 16. Nxb6 Qxb6 17. Nf3 g6 18. Qf4 Be7 19. h4 h6 20. c3 c5 21. Rac1 bxc3 22. Bxc3 Qd8 23. Qe3 Rc8 24. dxc5 Bxc5 25. Qd2 Kf8 26. Ba5 Qe8 27. Rc2 Be7 28. Rxc8 Qxc8 29. Rc1 Qe8 30. Rc7 Kg7 31. Qc1 Bd8 32. Rc8 Qe7 33. Bc7 $1 (33. Bd2 $6 d4 34. Rc4 (34. Nxd4 Nxe5 35. Bc3 Qd7 $14) 34... d3 $18) 33... Bxc7 34. Rxc7 Rd8 (34... Rf8 $142 35. g3 Rg8) 35. Nd4 $18 Qe8 (35... Qxh4 36. Nc6 Rh8 37. Rxd7) 36. f4 Nf8 37. g3 Rd7 38. Rc8 Rd8 39. Rc6 Qe7 40. Qc5 Qxc5 41. Rxc5 Nd7 (41... Rb8 {was called for.}) 42. Rc7 $1 $18 Nf8 43. Nb5 g5 {[%emt 0:00:53] [#]} (43... Rd7 {is a better defense.} 44. Rc8 f6) 44. h5 $1 $18 (44. Nxa3 gxf4 45. gxf4 Ng6 $11) (44. fxg5 hxg5 45. h5 (45. Nxa3 Ng6 $11) (45. hxg5 Nh7 $11) 45... Kh6 $11) 44... gxf4 45. gxf4 (45. Nxa3 Rb8 $17 (45... fxg3 46. Nb5 $11)) 45... Rd7 46. Rc2 f6 47. Rg2+ ({But not} 47. Nxa3 $6 Rb7 $16) 47... Kh8 48. Nxa3 fxe5 49. fxe5 Rc7 50. Nb5 Rc1+ {[%emt 0:00:00] [#]} 51. Kf2 $1 Nd7 52. Rg6 Nxe5 53. Rxh6+ ({Don't do} 53. Rxe6 $6 Nd3+ 54. Kf3 Rf1+ 55. Kg2 Rf2+ 56. Kg3 Rxa2 $16) 53... Kg7 54. Rxe6 Ng4+ $2 (54... Nd3+ 55. Kg3 Rg1+ 56. Kh2 Rg4) 55. Ke2 Kf7 56. Nd4 Rh1 $2 (56... Nf6 {keeps fighting.} 57. Re5 Rh1) 57. a4 $18 Rxh5 58. a5 Rh2+ 59. Kf3 Nf6 60. Rb6 Rh3+ 61. Ke2 Rh2+ 62. Kd3 Ra2 63. Rb7+ Ke8 64. Nc6 Ne4 65. b4 Ra3+ 66. Kd4 Nc3 67. Ke5 Ra1 68. b5 Rb1 69. a6 Nxb5 70. Rxb5 ({Weaker is} 70. Kxd5 Ra1 $16) 70... Rxb5 71. a7 1-0

[Event "Qatar Masters 2024"]
[Site "Doha"]
[Date "2024.12.03"]
[Round "1.23"]
[White "Wafa, Hamed"]
[Black "Daneshvar, Bardiya"]
[Result "0-1"]
[Annotator "ChessBase"]
[ECO "B07"]
[WhiteElo "2384"]
[BlackElo "2600"]
[PlyCount "236"]
[EventDate "2024.11.24"]
[EventType "swiss"]
[EventCountry "QAT"]
[SourceTitle "playchess.com"]
[Source "ChessBase"]
[SourceQuality "1"]
[TimeControl "40/5400+30:1800+30"]

1. e4 g6 2. d4 Bg7 3. Nf3 d6 4. c3 Nf6 5. Bd3 O-O 6. O-O Nbd7 7. Re1 e5 8. h3 Re8 9. Nbd2 b6 10. d5 Bb7 11. Bc2 Bh6 12. c4 a5 13. Nf1 Bxc1 14. Rxc1 Nc5 15. Qd2 Nh5 16. Ng3 Nf4 17. Ne2 Nxe2+ 18. Rxe2 Bc8 19. b3 f5 20. exf5 Bxf5 21. Bxf5 gxf5 22. Qh6 Rf8 23. Ng5 Qe7 24. f4 Rf6 25. Qh4 h6 26. Nf3 e4 27. Nd4 Qf7 28. Re3 Rg6 29. Kh1 Kh7 30. Rcc3 Rag8 31. Rg3 Nd3 32. Rxg6 Qxg6 33. Rc2 Nc5 34. Qe7+ Rg7 35. Qh4 Rf7 36. Re2 Qg7 37. Qh5 Qf6 38. Re3 Qg6 39. Qxg6+ Kxg6 40. a4 Nd3 41. g3 h5 42. h4 Kf6 43. Kh2 Nb4 44. Re2 Rf8 45. Kg2 Rg8 46. Rd2 Nd3 47. Kh2 Re8 48. Kg1 Nc5 49. Rb2 Rg8 50. Kh2 e3 51. Ne2 Ne4 52. Rc2 Nd2 53. Rc3 Re8 54. Kg2 Re4 55. Rd3 Kf7 56. Kg1 Ke8 57. Kh1 Kd7 58. Kg2 Re8 59. Kg1 Kc8 60. Kg2 Kb7 61. Kg1 Kb8 62. Kg2 Kc8 63. Kg1 Kd8 64. Kg2 Kd7 65. Kg1 Nf3+ 66. Kf1 Re7 67. Rc3 c5 68. Rd3 Re8 69. Rc3 Nh2+ 70. Kg2 Ng4 71. Kf3 Re4 72. Rd3 b5 73. cxb5 c4 74. bxc4 Rxc4 75. Nd4 Rxa4 76. Nxf5 e2 77. Kxe2 Rb4 78. Ne3 Nf6 79. Kf3 a4 80. Ra3 Kc7 81. Rc3+ Kd8 82. Rc6 Kd7 83. Ra6 Rb3 84. Ra7+ Kd8 85. b6 a3 86. Ra8+ Ke7 87. b7 Nd7 88. Ke2 Rb2+ 89. Kd1 a2 90. Nc2 Kf6 91. Kc1 Rxb7 92. Rxa2 Nc5 93. Ra3 Kf5 94. Re3 Kg4 95. Nd4 Rb4 96. Ne2 Ne4 97. Kc2 Nf2 98. Re6 Ne4 99. Rg6+ Kf3 100. Nc1 Rc4+ 101. Kb2 Rd4 102. Kc2 Rd2+ 103. Kb3 Rxd5 104. Kc2 Rd2+ 105. Kb3 Nxg3 106. Rg5 Kxf4 107. Na2 Rh2 108. Nc3 Rxh4 109. Rd5 Nf5 110. Ne2+ Kg5 111. Kc3 Rg4 112. Rd1 h4 113. Ng1 Rg3+ 114. Kd2 h3 115. Ke2 h2 116. Nf3+ Kf4 117. Rf1 Rxf3 118. Rxf3+ Kg4 0-1

[Event "Qatar Masters 2024"]
[Site "Doha"]
[Date "2024.12.03"]
[Round "1.24"]
[White "Pranesh M"]
[Black "Navrotescu, Andreea"]
[Result "1/2-1/2"]
[Annotator "RC"]
[ECO "B88"]
[WhiteElo "2580"]
[BlackElo "2338"]
[PlyCount "101"]
[EventDate "2024.11.24"]
[EventType "swiss"]
[EventCountry "QAT"]
[SourceTitle "playchess.com"]
[Source "ChessBase"]
[SourceQuality "1"]
[TimeControl "40/5400+30:1800+30"]

1. e4 c5 2. Nf3 d6 3. d4 cxd4 4. Nxd4 Nf6 5. Nc3 Nc6 6. Bc4 e6 7. Be3 a6 8. Bb3 Bd7 9. f4 b5 10. Qf3 Nxd4 11. Bxd4 Bc6 12. O-O-O b4 13. Bxf6 Qxf6 14. Ba4 Bxa4 15. Nxa4 Qd8 16. f5 Qa5 17. e5 d5 18. fxe6 fxe6 19. Qg4 Qxa4 20. Qxe6+ Be7 21. Rhf1 Rd8 22. Qf7+ Kd7 23. Rxd5+ Kc8 24. Qe6+ Kb8 25. Qb6+ Kc8 26. Ra5 Qd7 27. Qxa6+ Kc7 28. Qa7+ Kc8 29. Qa8+ Kc7 30. Ra7+ Kb6 31. Rxd7 Bg5+ 32. Kb1 Rxa8 33. Rxg7 h6 34. Rff7 Rhf8 35. Rb7+ Ka6 36. a3 bxa3 37. Rb3 axb2 38. Rgb7 Rf4 39. R7b6+ Ka5 40. Kxb2 Re8 41. R3b5+ Ka4 42. Rb3 Ka5 43. R3b5+ Ka4 44. g3 Re4 45. Rb3 Ka5 46. Rb7 Ka6 47. R3b6+ Ka5 48. Rb5+ Ka6 49. R5b6+ Ka5 50. Rb5+ Ka6 51. R5b6+ 1/2-1/2

[Event "Qatar Masters 2024"]
[Site "Doha"]
[Date "2024.12.03"]
[Round "1.25"]
[White "Tyurin, Artem"]
[Black "Ganguly, Surya Shekhar"]
[Result "0-1"]
[Annotator "TA"]
[ECO "C54"]
[WhiteElo "2356"]
[BlackElo "2598"]
[PlyCount "118"]
[EventDate "2024.11.24"]
[EventType "swiss"]
[EventCountry "QAT"]
[SourceTitle "playchess.com"]
[Source "ChessBase"]
[SourceQuality "1"]
[TimeControl "40/5400+30:1800+30"]

1. e4 e5 2. Nf3 Nc6 3. Bc4 Nf6 4. d3 Bc5 5. Bg5 h6 6. Bh4 d6 7. c3 {[%emt 0:00:05] outshines the older 7.h3.} a6 8. Nbd2 {[%emt 0:00:17] C54: Giuoco Piano: 4 c3 Nf6, main lines with 5 d4 and 5 d3.} Ba7 9. b4 Qe7 10. O-O Be6 11. a4 Bxc4 $5 {[%emt 0:00:51][%mdl 4] A promising side line.} 12. Nxc4 Qe6 13. b5 Ne7 14. Bxf6 Qxf6 15. d4 exd4 16. cxd4 O-O 17. Ne3 $146 ({Predecessor:} 17. bxa6 bxa6 18. Ne3 Qe6 19. Qc2 c6 20. Rfe1 Rfe8 21. Rab1 Rab8 22. Qd3 Rxb1 23. Rxb1 {1-0 Yu,Y (2729)-Bachmann,A (2604) ChessKid Cup Div 3 L rapid 2023 (2.1)}) 17... axb5 18. axb5 Qe6 19. Re1 Bb6 20. Rc1 d5 (20... Qxe4 $2 21. Nc4 Qd5 22. Rxe7 $18) 21. exd5 Nxd5 22. Nc4 Qf6 23. Nfe5 Ra2 24. Nf3 (24. Rc2 $11 Rxc2 25. Qxc2) 24... Nf4 $1 $15 25. Nce5 (25. Rc2 $142 Qg6 26. Ne3) 25... Rd8 26. Rc2 Raa8 (26... Rxc2 $17 27. Qxc2 Ne6 (27... Bxd4 $2 {perishes.} 28. Nxd4 Rxd4 29. Nc6 $18)) 27. g3 $15 Ne6 28. d5 Nd4 29. Nxd4 Rxd5 30. Nef3 $1 Bxd4 31. Nxd4 Rxd4 32. Qc1 Rd5 33. Rxc7 Rxb5 34. Qc3 Qxc3 35. Rxc3 Rf5 36. Re2 b5 37. Rb2 h5 38. Rc7 Rb8 39. Rb4 g5 40. Kg2 Rb6 41. h3 Kg7 42. f4 ({White should try} 42. Rc8 $15) 42... g4 $1 $17 43. hxg4 hxg4 44. Kf2 Rh5 45. Ke3 Rh3 46. Rc5 $2 (46. f5 $15) 46... Rxg3+ $19 47. Kf2 Rf3+ 48. Kg2 Kf6 49. Rh5 Re6 50. Rhxb5 Re2+ 51. Kg1 Rg3+ 52. Kf1 {[%emt 0:00:10] [#]} Rgg2 $2 ({Black should play} 52... Ree3 $1 $19 {[%cal Re3f3] ...Ref3+ would now be deadly.} 53. Rh5 Rb3) 53. Rg5 $2 (53. Re5 $11 Ref2+ (53... Rxe5 54. fxe5+ Kxe5 55. Kxg2 Ke6 56. Rxg4 Kf5 57. Kf3 Ke5 58. Rg5+ Kd6 59. Ra5) 54. Ke1) 53... Ref2+ 54. Ke1 Ra2 55. Kf1 {[%emt 0:01:19] [#]} g3 $1 56. Rb6+ Ke7 57. Rb7+ Kd6 58. Rb6+ Kc7 59. Ra6 Raf2+ 0-1

[Event "Qatar Masters 2024"]
[Site "Doha"]
[Date "2024.12.03"]
[Round "1.26"]
[White "Lodici, Lorenzo"]
[Black "Khamdamova, Afruza"]
[Result "0-1"]
[Annotator "TA"]
[ECO "E06"]
[WhiteElo "2564"]
[BlackElo "2330"]
[PlyCount "118"]
[EventDate "2024.11.24"]
[EventType "swiss"]
[EventCountry "QAT"]
[SourceTitle "playchess.com"]
[Source "ChessBase"]
[SourceQuality "1"]
[TimeControl "40/5400+30:1800+30"]

1. d4 d5 2. c4 e6 3. Nf3 Nf6 4. Nc3 Be7 5. g3 O-O 6. Bg2 dxc4 7. Ne5 c5 8. dxc5 Qxd1+ 9. Nxd1 Bxc5 10. O-O {[%emt 0:02:31] The main line 10.0-0 scores better than 10.Nxc4.} Nc6 {[%emt 0:01:21] E06: Closed Catalan: Early deviations.} 11. Bxc6 bxc6 12. Be3 Bb6 13. Bxb6 axb6 14. Nc3 Ba6 15. Nxc6 Bb7 16. Nb4 Rfd8 17. Rfd1 g5 $146 ({Predecessor:} 17... Kf8 18. f3 g5 19. Rxd8+ Rxd8 20. Rd1 Rxd1+ 21. Nxd1 Ke7 22. Kf2 Kd6 23. Nc3 Kc5 24. a3 b5 25. e4 {½-½ Smirnov,P (2538)-Khripachenko,A (2259) Kerkinitida Cup Blitz 2023 (4)}) 18. f3 g4 19. Kf2 Kg7 20. Rac1 h5 21. Ke3 gxf3 22. exf3 Nd5+ 23. Ncxd5 Bxd5 24. Rd4 Rac8 25. Rh4 Kg6 26. a3 Rc5 27. Rc2 Rdc8 28. Rd4 Ba8 29. Rd6 b5 30. Rc3 Re5+ 31. Kd2 Rh8 (31... h4 $5) 32. Re3 Rf5 33. Ke2 Rc8 34. Rc3 Re5+ 35. Kf2 Rh8 36. Re3 Rf5 37. Rc3 Re5 38. a4 bxa4 39. Rxc4 Rf5 40. f4 Ra5 41. Nd3 f6 42. f5+ (42. Rxe6 Bd5 43. Ne5+ Kf5 $19) 42... Rxf5+ 43. Nf4+ Kh6 44. Rxa4 $2 (44. Rxe6 $2 Bd5 45. Ree4 Bxe4 46. Rxe4 Rb5 47. Rxa4 Rxb2+ 48. Kf3 Rxh2 $19) (44. Ke3 $11 {and White stays safe.}) 44... e5 $19 45. h3 $2 (45. Ra5 $17) 45... Rf8 ({Resist} 45... exf4 46. g4 Rb5 (46... hxg4 $2 47. hxg4 Re5 48. Rxf4 $19) 47. Rxf6+ Kg7 48. Raxf4 Rxb2+ 49. Ke3 Rb3+ (49... Re8+ $2 50. Kd4 $19) 50. Kd2 Rd8+ (50... Rxh3 51. Rf7+ Kh6 52. g5+ Kg6 53. R7f6+ Kxg5 54. R6f5+ Kh6 55. Rf6+ Kg5 56. R6f5+ Kh6 57. Rf6+ Kg5 $11) 51. Kc2 $19) 46. Ra5 Be4 ({But not} 46... h4 47. Kg1 Rg8 (47... hxg3 $2 48. Nd5 $19) 48. Nh5 Kxh5 (48... Rxh5 $2 49. Rxf6+ Kg7 50. Rfa6 $19) 49. g4+ Kh6 50. Rxa8 Rxa8 51. gxf5 $19) 47. Ra4 Bb7 48. Rb4 Bc8 49. Kf3 exf4 50. g4 Re5 51. Kxf4 Kg6 52. Rb8 Rc5 53. b4 Rc4+ 54. Ke3 hxg4 55. hxg4 Rh8 56. b5 $2 (56. Rbb6 Rh3+ (56... Rxg4 57. Rxf6+ Kh5 58. Rbd6 $15) 57. Kd2) 56... Rh3+ $19 57. Kd2 Bxg4 58. b6 (58. Rf8 $19 Rf4 59. Rd3) 58... Bf5 59. Rg8+ Kf7 0-1